 Dungeon Crawl Stone Soup version 0.29.0 (webtiles) character file.

Game seed: 11620151133776553183

90479 catcat the Devastator (level 15, -14/134 HPs)
             Began as a Purple Draconian Conjurer on Aug 25, 2022.
             Was a High Priest of Vehumet.
             Demolished by a sea snake (16 damage)
             ... on level 2 of the Shoals.
             The game lasted 01:53:13 (31715 turns).

catcat the Devastator (Purple Draconian Conjurer)  Turns: 31715, Time: 01:53:15

Health: -14/134    AC: 14    Str: 10    XL:     15   Next: 52%
Magic:  28/41      EV: 13    Int: 26    God:    Vehumet [*****.]
Gold:   2130       SH:  5    Dex:  9    Spells: 12/40 levels left

rFire   + . .      SeeInvis .   J - +0 short sword (elec)
rCold   . . .      Faith    .   o - +1 buckler {rF+}
rNeg    . . .      Spirit   .   (body armour unavailable)
rPois   .          Reflect  .   (helmet restricted)
rElec   .          Harm     .   Y - +2 cloak
rCorr   .          Rampage  .   F - +0 pair of gloves
Will    +++..                   g - +0 pair of boots
Stlth   ++........              X - amulet of magic regeneration
HPRegen 0.32/turn               h - ring of willpower
MPRegen 0.67/turn               N - ring of magical power

@: lethally poisoned (-14 -> -40), engulfed (cannot breathe)
A: breathe power, AC +9, unfitting armour, cold-blooded
a: Breathe Dispelling Energy, Renounce Religion


You were on level 2 of the Shoals.
You worshipped Vehumet.
Vehumet was extremely pleased with you.
You visited 6 branches of the dungeon, and saw 23 of its levels.
You also visited: Volcano.

You collected 2130 gold pieces.

Inventory:

Hand Weapons
 A - a +2 vorpal flail
 J - a +0 short sword of electrocution (weapon)
Missiles
 v - 3 throwing nets
Armour
 g - a +0 pair of boots (worn)
 o - a +1 buckler of fire resistance (worn)
 F - a +0 pair of gloves (worn)
 Y - a +2 cloak (worn)
Jewellery
 b - a +4 ring of protection
 d - a +4 ring of protection
 h - a ring of willpower (left hand)
 s - an amulet of reflection
 u - a ring of resist corrosion
 L - a ring of ice
 N - a ring of magical power (right hand)
 O - an amulet of the acrobat
 S - a ring of protection from cold
 X - an amulet of magic regeneration (around neck)
Wands
 e - a wand of flame (24)
 M - a wand of digging (11)
 P - a wand of quicksilver (9)
 Q - a wand of mindburst (13)
 T - a wand of roots (5)
Scrolls
 c - a scroll of silence {unknown}
 f - 4 scrolls of enchant weapon
 i - 2 scrolls of amnesia
 k - 6 scrolls of vulnerability
 n - a scroll of blinking
 q - 3 scrolls of poison
 r - 3 scrolls of fear
 w - 2 scrolls of teleportation
 x - 2 scrolls of noise
 z - a scroll of torment
 G - a scroll of immolation
 R - 5 scrolls of identify
 V - 2 scrolls of magic mapping
 Z - 2 scrolls of enchant armour
Potions
 a - 4 potions of attraction
 j - 4 potions of invisibility
 l - a potion of ambrosia
 m - 2 potions of might
 p - a potion of resistance {unknown}
 B - 6 potions of haste
 C - 6 potions of lignification
 D - a potion of cancellation
 E - 5 potions of mutation
 I - 10 potions of curing
 K - 2 potions of berserk rage
 U - a potion of heal wounds
 W - 2 potions of brilliance


   Skills:
 + Level 12.9 Fighting
 - Level 8.0 Dodging
 - Level 1.7 Stealth
 - Level 4.0 Shields
 - Level 13.0 Spellcasting
 - Level 17.2 Conjurations
 - Level 2.0 Transmutations
 - Level 0.2 Fire Magic
 + Level 5.3 Ice Magic
 * Level 11.3 Air Magic


You had 12 spell levels left.
You knew the following spells:

 Your Spells              Type           Power      Damage    Failure   Level
a - Magic Dart            Conj           100%       1d8       0%          1
b - Searing Ray           Conj           100%       2d8       0%          2
c - Fulminant Prism       Conj/Hex       29%        3d14      1%          4
d - Iskenderun's Mystic   Conj/Tloc      58%        2d12      1%          4
e - Lightning Bolt        Conj/Air       37%        1d55      1%          5
f - Iskenderun's Battles  Conj           82%        2d13      1%          5
g - Passwall              Tmut/Erth      18%        N/A       4%          2
h - Freezing Cloud        Conj/Ice/Air   33%        6-21      1%          5

Your spell library contained the following spells:

 Spells                   Type           Power      Damage    Failure   Level
 Yara's Violent Unravell  Hex/Tmut       11%        3d6       21%         5
 Static Discharge         Conj/Air       74%        3-13/arc  0%          2
 Foxfire                  Conj/Fire      100%       2x1d9     1%          1
 Poisonous Vapours        Pois/Air       92%        N/A       1%          2
 Conjure Flame            Conj/Fire      58%        6-21      1%          3
 Dazzling Flash           Conj/Hex       100%       N/A       1%          3
 Frozen Ramparts          Ice            88%        1d14      1%          3
 Mephitic Cloud           Conj/Pois/Air  61%        N/A       1%          3
 Swiftness                Air            66%        N/A       1%          3
 Flame Wave               Conj/Fire      58%        2d14      1%          4
 Hailstorm                Conj/Ice       66%        3d14      1%          4
 Sticky Flame             Conj/Fire      58%        2d7       1%          4
 Sting                    Tmut/Pois      88%        1d7       2%          1
 Ensorcelled Hibernation  Hex/Ice        60%        N/A       2%          2
 Ignite Poison            Fire/Tmut/Pois 20%        N/A       2%          3
 Inner Flame              Hex/Fire       17%        N/A       3%          3
 Necrotise                Necr           64%        1d7       4%          1
 Slow                     Hex            64%        N/A       4%          1
 Call Imp                 Summ           16%        N/A       6%          2
 Ice Form                 Ice/Tmut       36%        N/A       10%         4
 Olgreb's Toxic Radiance  Pois           16%        N/A       11%         4
 Silence                  Hex/Air        23%        N/A       12%         5
 Confusing Touch          Hex            16%        N/A       13%         3
 Vampiric Draining        Necr           16%        2d7       13%         3
 Summon Ice Beast         Ice/Summ       30%        N/A       14%         4
 Lee's Rapid Deconstruct  Erth           8%         3d8*      28%         5
 Animate Dead             Necr           16%        N/A       38%         4
 Passage of Golubria      Tloc           16%        N/A       38%         4
 Maxwell's Capacitive Co  Air            33%        ∞         54%         8
 Agony                    Necr           16%        N/A       75%         5
 Lehudib's Crystal Spear  Conj/Erth      29%        10d8      87%         8
 Simulacrum               Ice/Necr       15%        N/A       91%         6
 Haunt                    Necr/Summ      8%         N/A       100%        7
 Infestation              Necr           8%         N/A       100%        8


Dungeon Overview and Level Annotations

Branches:
Dungeon (12/15)            Temple (1/1) D:7            Lair (5/5) D:10
 Shoals (2/4) Lair:2       Spider (1/4) Lair:2        Slime (0/5) Lair:4
    Orc (2/2) D:9             Elf (0/3) Orc:2       Volcano (visited)

Altars:
Cheibriados
Dithmenos
Elyvilon
Fedhas
Gozag
Hepliaklqana
Kikubaaqudgha
Nemelex Xobeh
Qazlal
Sif Muna
Trog
Uskayaw
Vehumet
Wu Jian
Yredelemnul
The Shining One
Jiyva

Shops:
D:3 [   D:5 =   D:9 *   Orc:1 *![[=   Orc:2 *!:!!*   Shoals:1 [

Portals:
Trove: D:12 (give +2 gold dragon scales)


Innate Abilities, Weirdness & Mutations

You can breathe bolts of dispelling energy.
Your rich purple scales are hard. (AC +9)
You cannot fit into any form of body armour.
You are cold-blooded and may be slowed by cold attacks.


Message History

The water nymph touches you. The water nymph drowns you!
The sea snake bites you but does no damage.
The water nymph gestures at you while chanting.
The water swirls and strikes you! The water nymph touches you.
The water nymph drowns you!
* * * LOW HITPOINT WARNING * * *
Casting: Iskenderun's Mystic Blast (safe; 1% risk of failure)
Confirm with . or Enter, or press ? or * to list all spells.
You erupt in a blast of force!
The mystic blast hits the water elemental!
The water elemental is lightly damaged.
The mystic blast hits the sea snake!
The sea snake is lightly wounded.
The sea snake is knocked back by the mystic blast.
The sea snake slams into the rock wall!
The sea snake is moderately wounded.
The mystic blast hits the water nymph!
The water nymph is heavily wounded.
The water nymph is knocked back by the mystic blast.
Your battlesphere fires!
The barrage of energy hits the sea snake!
The sea snake is heavily wounded.
The water elemental hits you.
* * * LOW HITPOINT WARNING * * *
The water elemental engulfs you in water!
The satyr shoots an arrow.
The arrow hits your battlesphere!!
Your battlesphere is destroyed!
The sea snake bites you!
* * * LOW HITPOINT WARNING * * *
You are lethally poisoned!
The sea snake poisons you!
You cannot cast spells while unable to breathe!
Okay, then.
You slip free of the water engulfing you.
* * * LOW HITPOINT WARNING * * *
Your lungs strain for air!
* * * LOW HITPOINT WARNING * * *
You feel extremely sick. The sea snake bites you!
You die...

~~~~~.~~~~$~~... ~~~
~~~..~~~...~.## ~~~
.....~~~c....#. ≈≈~.
#.~~Hcc..c.. ≈≈~..
#~~~m.§§.)~~
≈≈~..####~~○~~.§..~~
~~~~....~m~~~~~§)~~~
~~~~~~~ES~~.~.......
~~~~~~.@~~~~.##.....
~~~~~~~~~~~...##....
~~~~~~≈≈≈~~~.....##.
~~~~~~~≈≈≈≈≈~..###
~~~~~~~~~~~~~~##
~~~.~~~~~~~~~~#
~~...~~~~~~~~~~.
~~.#.~~≈≈~~~≈~~~


You could see a satyr, a sea snake, 2 fauns, a manticore, a water elemental and
2 water nymphs.

Vanquished Creatures
  Rupert (Orc:2)
  A kraken (Shoals:1)
  Donald (Orc:2)
  Kirke (D:12)
  A merfolk javelineer (Shoals:1)
  Snorg (Lair:3)
  An ettin (Orc:2)
  2 boulder beetles
  4 hydras
  5 two-headed ogres
  A merfolk aquamancer (Shoals:1)
  A merfolk avatar (Shoals:2)
  A catoblepas (Lair:5)
  An alligator snapping turtle (Shoals:1)
  A centaur warrior (Shoals:2)
  A deep troll shaman (Lair:5)
  15 death yaks
  A hell hog (Volcano)
  3 orc high priests (Orc:2)
  Urug (Lair:2)
  Nergalle (Lair:1)
  A sea snake (Shoals:1)
  A fire crab (Volcano)
  A wizard (D:12)
  A lindwurm (Lair:5)
  An ugly thing (D:12)
  2 wolf spiders (Lair:2)
  3 orc sorcerers (Orc:2)
  7 orc knights
  A deep elf pyromancer (D:12)
  2 cyclopes
  A faun (Shoals:2)
  6 elephants
  3 manticores
  A merfolk siren (Shoals:1)
  3 water nymphs (Shoals:1)
  Joseph (Lair:1)
  2 molten gargoyles (Volcano)
  7 black mambas
  A gargoyle (D:12)
  15 cane toads
  Maggie (D:6)
  4 unseen horrors
  A torpor snail (Lair:1)
  13 komodo dragons
  7 rime drakes
  2 trolls
  2 merfolk (Shoals:1)
  2 wind drakes (Shoals:1)
  6 polar bears
  17 blink frogs
  6 snapping turtles
  7 slime creatures
  5 water elementals (Shoals:1)
  A shadow (D:9)
  Sigmund (D:3)
  61 yaks
  10 fire bats (Volcano)
  4 wyverns
  3 wraiths
  A hog (D:12)
  A human (D:12)
  A steam dragon (D:9)
  4 basilisks
  6 wargs
  6 vampire mosquitoes
  4 hell hounds
  22 water moccasins
  Duvessa (D:4)
  17 orc warriors
  An ice beast (D:5)
  3 sky beasts
  18 wolves
  9 ogres
  8 centaurs
  3 phantoms
  4 kobold brigands
  3 gnoll sergeants
  12 bullfrogs
  3 scorpions
  4 wights (D:8)
  Dowan (D:4)
  2 troll zombies (D:9)
  14 killer bees
  2 electric eels (Lair:2)
  5 howler monkeys
  A crimson imp (D:12)
  6 lava snakes
  3 hounds
  3 jellies
  10 orc priests
  An iguana (D:6)
  Ijyb (D:3)
  10 orc wizards
  6 ogre zombies (D:9)
  Robin (D:3)
  12 adders
  12 gnolls
  6 white imps
  3 worms
  2 dart slugs
  50 orcs
  6 ball pythons
  4 endoplasms
  5 giant cockroaches
  11 goblins
  12 hobgoblins
  6 jackals (D:2)
  4 quokkas
  9 bats
  2 frilled lizards
  3 goblin zombies (D:9)
  A hobgoblin skeleton (D:9)
  2 hobgoblin zombies (D:9)
  21 kobolds
  7 orc skeletons (D:9)
  12 orc zombies (D:9)
  8 rats
  A spectral orc (D:8)
  A fulminant prism (D:6)
  A tentacle (Shoals:1)
656 creatures vanquished.

Vanquished Creatures (others)
  An orc priest (Orc:2)
  A bush (Lair:4)
  11 fulminant prisms
  52 fungi
  78 plants
  10 tentacles (Shoals:1)
153 creatures vanquished.

Grand Total: 809 creatures vanquished

Notes
Turn   | Place    | Note
-------+----------+-------------------------------------------
     0 | D:1      | catcat the Draconian Conjurer began the quest for the Orb.
     0 | D:1      | Reached XP level 1. HP: 14/14 MP: 3/3
   179 | D:1      | Reached XP level 2. HP: 22/22 MP: 1/5
   234 | D:1      | Reached skill level 1 in Fighting
   524 | D:1      | Learned a level 2 spell: Searing Ray
  1020 | D:2      | Reached XP level 3. HP: 25/28 MP: 1/6
  1269 | D:2      | Reached skill level 5 in Conjurations
  1624 | D:2      | Reached XP level 4. HP: 36/36 MP: 3/7
  2163 | D:3      | Noticed Ijyb
  2164 | D:3      | Found Irphor's Antique Armour Emporium.
  2176 | D:3      | Killed Ijyb
  2312 | D:3      | Found a faded altar of an unknown god.
  2325 | D:3      | Reached XP level 5. HP: 42/42 MP: 5/8
  2536 | D:3      | Found a shimmering blue altar of Sif Muna.
  2599 | D:3      | Noticed Sigmund
  2872 | D:4      | Noticed a phantom
  2873 | D:4      | Reached skill level 6 in Conjurations
  2897 | D:4      | Killed a phantom
  2906 | D:4      | Noticed a phantom
  2925 | D:4      | Noticed Dowan
  2926 | D:4      | Noticed Duvessa
  2960 | D:4      | Reached XP level 6. HP: 33/51 MP: 0/9
  3164 | D:4      | Killed Duvessa
  3178 | D:4      | Killed Dowan
  3179 | D:4      | Reached skill level 7 in Conjurations
  3179 | D:4      | Your scales start taking on a rich purple colour.
  3179 | D:4      | Reached XP level 7. HP: 11/59 MP: 7/12
  4110 | D:4      | Learned a level 4 spell: Fulminant Prism
  4115 | D:4      | Learned a level 4 spell: Iskenderun's Mystic Blast
  4254 | D:3      | Found a glowing golden altar of the Shining One.
  4255 | D:3      | Noticed Robin
  4304 | D:3      | Killed Sigmund
  4382 | D:3      | Killed Robin
  4634 | D:5      | Entered Level 5 of the Dungeon
  4649 | D:5      | Found Bolyilack's Jewellery Shop.
  4931 | D:5      | Reached skill level 8 in Conjurations
  5082 | D:5      | Reached XP level 8. HP: 66/66 MP: 6/14
  5604 | D:5      | Found a hide-covered altar of Uskayaw.
  5642 | D:6      | Noticed Maggie
  5761 | D:6      | Reached skill level 5 in Spellcasting
  6065 | D:6      | Reached skill level 9 in Conjurations
  6068 | D:6      | Reached skill level 5 in Fighting
  6891 | D:6      | Killed Maggie
  6892 | D:6      | Reached skill level 10 in Conjurations
  6892 | D:6      | Reached XP level 9. HP: 22/75 MP: 1/16
  7145 | D:6      | Found an ornate altar of the Wu Jian Council.
  7670 | D:7      | Found a staircase to the Ecumenical Temple.
  7722 | Temple   | Entered the Ecumenical Temple
  7734 | Temple   | Became a worshipper of Vehumet
  7916 | D:7      | Found a stormy altar of Qazlal.
  7982 | D:7      | Found an opulent altar of Gozag.
  8058 | D:7      | Found a bloodstained altar of Trog.
  8364 | D:8      | Reached skill level 1 in Shields
  8697 | D:8      | Reached skill level 11 in Conjurations
  8841 | D:8      | You fall into a shaft and drop 3 floors!
  8845 | D:10     | Entered Level 10 of the Dungeon
  8927 | D:10     | Killed an unseen horror
  9154 | D:10     | Found an ancient bone altar of Kikubaaqudgha.
  9177 | D:10     | Found a blossoming altar of Fedhas.
  9186 | D:10     | Found a white marble altar of Elyvilon.
  9189 | D:10     | Found a shadowy altar of Dithmenos.
  9305 | D:10     | Reached XP level 10. HP: 64/83 MP: 0/19
  9457 | D:10     | Identified the +6 hand axe of Valiance {antimagic, rElec
                  | rCorr Int+4}
  9706 | D:9      | Noticed a two-headed ogre
  9949 | D:10     | Found a staircase to the Lair.
  9949 | D:10     | Noticed a death yak
  9949 | D:10     | Noticed a two-headed ogre
  9949 | D:10     | Noticed a death yak
  9979 | D:8      | Reached * piety under Vehumet
  9979 | D:8      | Offered knowledge of Freeze by Vehumet.
 10537 | D:8      | Reached skill level 12 in Conjurations
 10926 | D:8      | Learned a level 4 spell: Flame Wave
 11029 | D:8      | Found a basalt altar of Yredelemnul.
 12002 | D:9      | Noticed a two-headed ogre
 12162 | D:8      | Killed a two-headed ogre
 12530 | D:9      | Killed a two-headed ogre
 12531 | D:9      | Reached skill level 13 in Conjurations
 12537 | D:9      | Reached XP level 11. HP: 80/92 MP: 6/23
 12758 | D:9      | Offered knowledge of Scorch by Vehumet.
 12760 | D:9      | Reached ** piety under Vehumet
 13275 | D:9      | Noticed a two-headed ogre
 13286 | D:9      | Killed a two-headed ogre
 13520 | D:9      | Offered knowledge of Poisonous Vapours by Vehumet.
 13596 | D:9      | Learned a level 5 spell: Lightning Bolt
 13685 | D:9      | Found a staircase to the Orcish Mines.
 13762 | D:9      | Found Jim Noro's Assorted Antiques.
 13986 | D:10     | Noticed a death yak
 14338 | D:10     | Reached skill level 1 in Air Magic
 14711 | D:10     | Killed a death yak
 14879 | D:10     | Killed a two-headed ogre
 14880 | D:10     | Reached skill level 14 in Conjurations
 15067 | D:10     | Killed a death yak
 15489 | Lair:1   | Entered Level 1 of the Lair of Beasts
 15641 | Lair:1   | Reached *** piety under Vehumet
 15806 | Lair:1   | Noticed Nergalle
 15894 | Lair:1   | Killed Nergalle
 16041 | Lair:1   | Reached skill level 5 in Dodging
 16252 | Lair:1   | Reached skill level 5 in Air Magic
 16252 | Lair:1   | Reached XP level 12. HP: 101/101 MP: 16/25
 16253 | Lair:1   | Noticed Joseph
 16580 | Lair:1   | Killed Joseph
 16580 | Lair:1   | Offered knowledge of Olgreb's Toxic Radiance by Vehumet.
 17800 | Lair:2   | Reached **** piety under Vehumet
 17976 | Lair:2   | Noticed Urug
 17980 | Lair:2   | Killed Urug
 17980 | Lair:2   | Offered knowledge of Iskenderun's Battlesphere by Vehumet.
 17981 | Lair:2   | Reached skill level 15 in Conjurations
 17989 | Lair:2   | Learned a level 5 spell: Iskenderun's Battlesphere
 18509 | Lair:2   | Noticed an eight-headed hydra
 18511 | Lair:2   | Killed an eight-headed hydra
 18844 | Lair:2   | Found a hole to the Spider Nest.
 18913 | Lair:2   | Reached skill level 10 in Spellcasting
 19356 | Lair:2   | Found a staircase to the Shoals.
 19615 | Spider:1 | Entered Level 1 of the Spider Nest
 19654 | Lair:3   | Identified the +0 leather armour "Oguna" {rF+ rC+}
 19804 | Lair:3   | Reached XP level 13. HP: 108/108 MP: 19/27
 20136 | Lair:3   | Noticed Snorg
 20141 | Lair:3   | Killed Snorg
 20142 | Lair:3   | Reached skill level 16 in Conjurations
 20505 | Lair:3   | Reached ***** piety under Vehumet
 20963 | Lair:4   | Offered knowledge of Spellforged Servitor by Vehumet.
 21518 | Lair:4   | Identified the +1 leather armour of Ciux Quekhi {Dex+3}
 21936 | Lair:4   | Found a viscous altar of Jiyva.
 21937 | Lair:4   | Found a staircase to the Slime Pits.
 22249 | Lair:4   | Reached skill level 10 in Fighting
 22254 | Lair:4   | You fall into a shaft and drop 1 floor!
 22254 | Lair:5   | Entered Level 5 of the Lair of Beasts
 22303 | Lair:5   | Learned a level 2 spell: Passwall
 22517 | Lair:5   | Reached skill level 17 in Conjurations
 23388 | Lair:5   | Reached XP level 14. HP: 121/121 MP: 14/29
 24151 | Lair:5   | Reached skill level 10 in Air Magic
 24680 | Lair:5   | Offered knowledge of Freezing Cloud by Vehumet.
 25081 | Lair:5   | Identified the +9 trident "Vaore" {vorpal, *Corrode rPois
                  | Will+}
 26383 | D:12     | Learned a level 5 spell: Freezing Cloud
 26648 | D:12     | Reached skill level 1 in Ice Magic
 26909 | D:12     | Found a portal to a secret trove of treasure.
 27202 | D:12     | Noticed Kirke
 27207 | D:12     | Killed Kirke
 27538 | Orc:1    | Entered Level 1 of the Orcish Mines
 27571 | Orc:1    | Found Jedgh's Antique Armour Shoppe.
 27572 | Orc:1    | Found Jyhij's Distillery.
 27707 | Orc:1    | Found Cuedonia's General Store.
 27761 | Orc:1    | Found Oceupn's Antique Armour Shop.
 27950 | Orc:1    | Found a dark tunnel.
 27960 | Volcano  | Entered a volcano
 28504 | Volcano  | Found a bloodstained altar of Trog.
 29188 | Orc:1    | Found Zawkosal's Jewellery Shoppe.
 29249 | Orc:1    | Offered knowledge of Eringya's Noxious Bog by Vehumet.
 29440 | Orc:2    | Entered Level 2 of the Orcish Mines
 29452 | Orc:2    | Found Ceappant's Overcharged Wands.
 29509 | Orc:2    | Noticed Donald
 29517 | Orc:2    | Killed Donald
 29518 | Orc:2    | Reached XP level 15. HP: 129/129 MP: 14/32
 29638 | Orc:2    | Noticed Rupert
 29647 | Orc:2    | Killed Rupert
 29900 | Orc:2    | Reached skill level 5 in Ice Magic
 30140 | Orc:2    | Found Ryreff's Distillery.
 30140 | Orc:2    | Found Boiguni's Book Shoppe.
 30142 | Orc:2    | Found Wethrutuq's Distillery.
 30142 | Orc:2    | Found Boixt's Distillery.
 30199 | Orc:2    | Found a staircase to the Elven Halls.
 30214 | Orc:2    | Found Mosax's General Store.
 30531 | Shoals:1 | Entered Level 1 of the Shoals
 30640 | Shoals:1 | Reached skill level 1 in Transmutations
 30657 | Shoals:1 | Noticed a kraken
 30671 | Shoals:1 | Killed a kraken
 31080 | Shoals:1 | Found Gihethrenk's Armour Boutique.
 31485 | Shoals:1 | Offered knowledge of Yara's Violent Unravelling by Vehumet.
 31715 | Shoals:2 | HP: 2/134 [poisoned by a sea snake]
 31715 | Shoals:2 | Demolished by a sea snake

Illustrated notes

Levels and vault maps discovered:
D:1:      dpeg_arrival_oval, layout_rooms, minmay_crystal_water,
          palyth_stone_intersect, minmay_tetromino_l4
D:2:      layout_loops_ring, amcnicky_mini_pool_small, minmay_splitting_lines,
          minmay_diced_spiral
D:3:      layout_basic, kennysheep_orc_sif_temple, tso_metal_star,
          shapermc_ecumenical_altar_ellora, serial_shops,
          nicolae_shop_advertising_works [nicolae_subvault_shop_adworks],
          grunt_ministairs_6, uniq_ijyb, uniq_sigmund, uniq_robin
D:4:      layout_basic, cheibrodos_sewer_entry_bend, minmay_pentangle,
          uniq_duvessa
D:5:      layout_loops_ring, overflow_temple_1_default, serial_shops, shop
D:6:      layout_basic, mainiacjoe_overflow_six_doors_small, uniq_maggie
D:7:      cheibrodos_iron_armory, layout_gridville, trog_three_pillars_becter,
          mainiacjoe_overflow_24_doors, lemuel_doored_altar,
          minmay_temple_entry_slanted
D:8:      layout_loops_ring, yredelemnul_forgotten_temple_becter
D:9:      layout_cross, zombieorc2_lemuel, serial_shops, shop
D:10:     layout_gridville, minitemple, nicolae_kikubaaqudgha_miasma_corner,
          dpeg_lair_monsters, hangedman_corner_corridor
D:11:     layout_cave_pools, chequers_serial_rivers_micro_c,
          grunt_decor_junction, minmay_misc_feat_roman, minmay_starry_boxes
D:12:     layout_roguey, nicolae_trove_entry_free_sample, drop_trap,
          lightli_wizard_tower, uniq_kirke
Temple:   chequers_temple_sunken
Lair:1:   layout_loops_ring, grunt_megastairs_3, serial_bayou_shore_b,
          lemuel_fruit_tree, uniq_joseph, uniq_nergalle
Lair:2:   layout_misc_corridors, minmay_shoals_entry_hut,
          spider_nest_entry_web_field, nicolae_lair_run_with_the_wolves,
          grunt_megastairs_4, uniq_urug
Lair:3:   layout_concentric_octagons, columned_hall_lemuel, uniq_snorg
Lair:4:   layout_gridlike, minmay_slime_entry_pillars
Lair:5:   grunt_lair_end_beastmaster, layout_cave_pods, grunt_megastairs_1,
          serial_bayou_shore_b, infiniplex_staircase_pool_2
Shoals:1: layout_shoals, serial_shops, nicolae_square_shop
Shoals:2: layout_shoals, uniq_polyphemus
Spider:1: layout_spider_delve, gammafunk_ghost_mausoleum, hellmonk_test_site,
          uniq_louise, uniq_agnes
Orc:1:    nicolae_orc_accident_2, layout_caves, enter_volcano_3, serial_shops,
          nicolae_shop_overgrown_old_shop, shop, shop,
          nicolae_shop_hallway_plus, shop, nicolae_orc_flooded_monolith,
          nicolae_orc_damp_corner
Orc:2:    grunt_orc_tribal_feast, layout_caves, serial_shops, shop,
          nicolae_shop_overcharged_wands, uniq_donald, uniq_rupert

Skill      XL: |  1  2  3  4  5  6  7  8  9 10 11 12 13 14 15 |
---------------+----------------------------------------------+-----
Fighting       | 1 2 3 4 6 7 8 10 11 12 | 12.9
Conjurations   | 5 6 7 8 10 11 13 14 15 17 | 17.2
Spellcasting   | 3 4 5 6 8 9 10 11 13 | 13.0
Dodging        | 3 4 5 6 8 |  8.0
Shields        | 4 |  4.0
Air Magic      | 5 7 9 11 | 11.3
Ice Magic      | 3 5 |  5.3
Transmutations | 2 |  2.0
Stealth        | |  1.7
Fire Magic     | |  0.2

Action                   |  1- 3 |  4- 6 |  7- 9 | 10-12 | 13-15 || total
-------------------------+-------+-------+-------+-------+-------++-------
Melee: Hand axe          |    44 |    88 |       |       |       ||   132
       Tailslap          |       |     7 |     1 |     4 |       ||    12
       Punch             |       |     2 |       |       |       ||     2
       Flail             |       |       |    31 |    20 |       ||    51
       Short sword       |       |       |       |    16 |     4 ||    20
 Cast: Magic Dart        |    29 |     3 |     8 |    28 |   102 ||   170
       Searing Ray       |    11 |    28 |    88 |   137 |   122 ||   386
       Iskenderun's Myst |       |       |    13 |    95 |    96 ||   204
       Fulminant Prism   |       |       |     5 |     6 |     1 ||    12
       Flame Wave        |       |       |       |     2 |       ||     2
       Lightning Bolt    |       |       |       |    61 |   188 ||   249
       Iskenderun's Batt |       |       |       |    12 |    92 ||   104
       Freezing Cloud    |       |       |       |       |    20 ||    20
 Abil: Breathe Dispellin |       |       |       |       |     1 ||     1
Evoke: Wand              |       |       |     4 |     2 |     1 ||     7
  Use: Scroll            |       |     3 |     7 |    12 |     8 ||    30
       Potion            |       |     1 |     5 |     2 |       ||     8
 Stab: Sleeping          |     1 |     1 |       |       |       ||     2
Armor: Skin              |    35 |    61 |    84 |   125 |    25 ||   330
Dodge: Dodged            |    47 |    76 |    65 |   128 |    60 ||   376
Block: Other             |       |    12 |    24 |       |       ||    36
       Reflection        |       |     2 |     2 |     3 |     1 ||     8
       Buckler           |       |       |    25 |   141 |    35 ||   201
